 Dungeon Crawl Stone Soup version 0.29-a0-732-g3d7fbe0af2 (webtiles) character file.

Game seed: 1958858725655755120

852 buhh the Fighter (level 8, -3/67 HPs)
             Began as an Octopode Transmuter on June 29, 2022.
             Slain by Edmund
             ... wielding a +5 flail of protection
              (26 damage)
             ... on level 5 of the Dungeon.
             The game lasted 00:10:38 (5852 turns).

buhh the Fighter (Octopode Transmuter)              Turns: 5852, Time: 00:10:38

Health: -3/67      AC:  2    Str:  9    XL:     8   Next: 1%
Magic:  11/11      EV: 19    Int: 24    God:
Gold:   157        SH:  0    Dex: 17    Spells: 1/11 levels left

rFire   . . .      SeeInvis .     - Unarmed
rCold   . . .      Faith    .   (shield currently unavailable)
rNeg    . . .      Spirit   .   (helmet currently unavailable)
rPois   x          Reflect  .   (no amulet)
rElec   .          Harm     .   f - +6 ring of intelligence
rCorr   .          Rampage  .   (no ring)
Will    .....                   (no ring)
Stlth   ++........              (no ring)
HPRegen 0.21/turn               (no ring)
MPRegen 0.12/turn               (no ring)
                                (no ring)
                                (no ring)

@: spider-form (expiring)
A: venomous fangs, almost no armour, (amphibious), 8 rings, tiny, (camouflage
1), (gelatinous body 1), (nimble swimmer 1), (tentacles)
a: End Transformation


You were on level 5 of the Dungeon.
You were a venomous arachnid creature.
You visited 1 branch of the dungeon, and saw 5 of its levels.

You collected 157 gold pieces.

Inventory:

Missiles
 a - 2 poisoned darts
 c - a throwing net {!f}
Jewellery
 f - a +6 ring of intelligence (left front leg)
Scrolls
 F - a scroll of enchant weapon
 Q - 2 scrolls of fog
 Z - 2 scrolls of enchant armour
Potions
 b - a potion of ambrosia {unknown}
 d - a potion of degeneration {unknown}
 e - a potion of attraction {unknown}
 h - a potion of berserk rage {!q}
 i - 2 potions of brilliance {unknown}
 j - 4 potions of haste {unknown}


   Skills:
 - Level 11.0 Fighting
 - Level 2.0 Dodging
 - Level 1.0 Stealth
 - Level 5.0 Unarmed Combat
 - Level 2.0 Spellcasting
 * Level 4.4 Transmutations
 - Level 1.0 Poison Magic


You had one spell level left.
You knew the following spells:

 Your Spells              Type           Power      Damage    Failure   Level
a - Beastly Appendage     Tmut           46%        N/A       8%          1
b - Wereblood             Tmut           23%        N/A       11%         2
c - Spider Form           Tmut/Pois      15%        N/A       28%         3
d - Ice Form              Ice/Tmut       13%        N/A       65%         4

Your spell library contained the following spells:

 Spells                   Type           Power      Damage    Failure   Level
 Slow                     Hex            8%         N/A       28%         1
 Confusing Touch          Hex            2%         N/A       56%         3
 Vampiric Draining        Necr           2%         2d6       56%         3
 Yara's Violent Unravell  Hex/Tmut       6%         3d5       92%         5
 Enfeeble                 Hex            1%         N/A       100%        7


Dungeon Overview and Level Annotations

Branches:
Dungeon (5/15) Zot: 24159
 Temple: D:4-7

Altars:
Ashenzari
Dithmenos
Qazlal
Ru

Annotations:
D:5 Blork the orc, Edmund, Pikel


Innate Abilities, Weirdness & Mutations

You are a venomous arachnid creature.
You have poisonous fangs.
You are tiny and dextrous.
Your spellcasting is less reliable in this form.
Your armour is entirely melded.
You are incapable of wielding weapons or throwing items.
You cannot wear most types of armour.
((You are amphibious.))
You can wear up to eight rings at the same time.
((Your skin changes colour to match your surroundings (Stealth+).))
((Your rubbery body absorbs attacks. (AC +1, EV +1)))
((You are camouflaged when in or above water. (Stealth+)))
((You have tentacles for arms and can constrict up to eight enemies at once.))


Message History

Edmund closely misses you.
You hit Edmund but do no damage.
Edmund looks as sick as possible!
Edmund is lightly wounded.
Edmund grinds his teeth, and then sighs.
Edmund closely misses you.
You hit Edmund.
Edmund looks as sick as possible!
Edmund is moderately wounded.
Edmund barely misses you.
You hit Edmund.
Edmund looks as sick as possible!
Edmund is moderately wounded.
Edmund drinks a potion.
Edmund goes berserk!
h - a potion of berserk rage
f - a +6 ring of intelligence (left front leg)
You hit Edmund.
Edmund looks as sick as possible!
Edmund is heavily wounded.
Edmund closely misses you.
You hit Edmund.
Edmund looks as sick as possible!
Edmund is heavily wounded.
Edmund closely misses you.
Edmund hits you with a +5 flail of protection!
You hit Edmund but do no damage.
Edmund looks as sick as possible!
Edmund is heavily wounded.
Edmund hits you with a +5 flail of protection!
You barely miss Edmund.
Edmund is severely wounded.
Your transformation is almost over.
Edmund hits you with a +5 flail of protection! x2
* * * LOW HITPOINT WARNING * * *
Really quaff
N - 2 potions of curing {!q!d}?
You feel better. Edmund misses you.
Really quaff
N - a potion of curing {!q!d}?
You feel better. Edmund closely misses you.
Edmund hits you with a +5 flail of protection!
You hit Edmund but do no damage.
Edmund is severely wounded.
Edmund misses you.
You hit Edmund but do no damage.
Edmund is severely wounded.
Edmund hits you with a +5 flail of protection!!
You die...

##### ####### ###### #...#
....... #####....# #...#
....... #...#....# #...#
.......
##...#....###...#####.......
..........+.'..†s@.........#
##......#'###...#####.......
#.....##.# #...# .......
#.....#... ##### #..........
#....##8.8# ######.#.#......
#....##o.o# ................
########'## ...?..#.#......
... ...............
#............


You could see Edmund (berserk, extremely poisoned).

Vanquished Creatures
  Sigmund (D:2)
  An ice beast (D:4)
  A black bear (D:5)
  A lemure (D:4)
  2 scorpions (D:5)
  A jelly (D:4)
  A gnoll shaman (D:4)
  An iguana (D:4)
  An orc wizard (D:4)
  Terence (D:2)
  5 gnolls
  7 adders
  An ufetubus (D:4)
  A worm (D:2)
  A dart slug (D:3)
  6 orcs
  11 bats
  9 endoplasms
  3 giant cockroaches (D:1)
  4 hobgoblins
  8 kobolds
  2 quokkas (D:3)
  13 ball pythons
  4 frilled lizards
  7 goblins
  4 rats
97 creatures vanquished.

Notes
Turn   | Place    | Note
-------+----------+-------------------------------------------
     0 | D:1      | buhh the Octopode Transmuter began the quest for the Orb.
     0 | D:1      | Reached XP level 1. HP: 13/13 MP: 3/3
    92 | D:1      | Reached XP level 2. HP: 6/19 MP: 3/5
   299 | D:1      | Noticed an eye of devastation
   310 | D:1      | Reached skill level 2 in Fighting
   463 | D:1      | Noticed a golden eye
   464 | D:1      | Found a faded altar of an unknown god.
   467 | D:1      | Noticed a golden eye
   471 | D:1      | Noticed a great orb of eyes
   893 | D:1      | Reached XP level 3. HP: 25/25 MP: 4/6
  1110 | D:2      | Reached skill level 3 in Fighting
  1181 | D:2      | Noticed Sigmund
  1184 | D:2      | Reached skill level 10 in Fighting
  1184 | D:2      | Reached XP level 4. HP: 44/44 MP: 7/7
  1190 | D:2      | Killed Sigmund
  1191 | D:2      | Reached XP level 5. HP: 48/48 MP: 8/8
  1191 | D:2      | Reached XP level 6. HP: 54/54 MP: 9/9
  1263 | D:2      | Noticed Terence
  1383 | D:2      | Killed Terence
  2512 | D:3      | Learned a level 2 spell: Wereblood
  2516 | D:3      | Learned a level 3 spell: Spider Form
  2583 | D:3      | Found a stormy altar of Qazlal.
  2586 | D:3      | Found a broken altar of Ashenzari.
  2602 | D:3      | Found a shadowy altar of Dithmenos.
  2605 | D:3      | Found a sacrificial altar of Ru.
  3468 | D:4      | Reached XP level 7. HP: 32/60 MP: 10/10
  4649 | D:5      | Entered Level 5 of the Dungeon
  4657 | D:5      | Noticed Edmund
  4664 | D:5      | Reached skill level 11 in Fighting
  4755 | D:5      | Noticed Pikel
  5344 | D:5      | Noticed Blork the orc
  5752 | D:5      | Reached XP level 8. HP: 60/67 MP: 3/11
  5817 | D:5      | Learned a level 4 spell: Ice Form
  5852 | D:5      | Slain by Edmund

Illustrated notes

Levels and vault maps discovered:
D:1:      dpeg_arrival_short_road, layout_basic,
          hellmonk_ecumenical_altar_watching_god
D:2:      layout_basic, uniq_terence, uniq_sigmund
D:3:      layout_basic, grunt_temple_overflow_cloverleaf,
          minmay_tree_intersection, grunt_ministairs_7
D:4:      layout_loops_ring
D:5:      layout_basic, serial_glass, glass_columns_a, glass_columns_a,
          grunt_ministairs_13, minivault_27, pf_guarded_unrand_delatra,
          uniq_pikel, uniq_duvessa, uniq_prince_ribbit1, uniq_blork_the_orc,
          uniq_edmund

Skill      XL: |  1  2  3  4  5  6  7 |
---------------+----------------------+-----
Stealth        | 1 |  1.0
Fighting       | 2 10 11 | 11.0
Unarmed Combat | 4 5 |  5.0
Poison Magic   | 1 |  1.0
Transmutations | 4 |  4.4
Dodging        | |  2.0
Spellcasting   | |  2.0

Action                   |  1- 3 |  4- 6 |  7- 9 || total
-------------------------+-------+-------+-------++-------
Melee: Unarmed           |    52 |   118 |    72 ||   242
       Kick              |    16 |    51 |     1 ||    68
       Tentacles         |     6 |    18 |     2 ||    26
       Constrict         |    14 |    32 |     1 ||    47
       Punch             |     1 |     3 |       ||     4
 Cast: Beastly Appendage |    17 |    35 |     5 ||    57
       Spider Form       |       |       |    17 ||    17
  Use: Scroll            |     2 |     3 |     5 ||    10
       Potion            |     1 |     1 |     5 ||     7
 Stab: Sleeping          |     7 |     7 |       ||    14
Armor: Skin              |     5 |     6 |     6 ||    17
Dodge: Dodged            |    40 |    84 |    76 ||   200

Table legend: (Time is in decaauts)
 A = Elapsed time spent in this place.
 B = Non-inter-level travel time spent in this place.
 C = Inter-level travel time spent in this place.
 D = Time resting spent in this place.
 E = Time spent auto-exploring this place.
 F = Levels seen in this place.
 G = Mean time per level.
                   A        B        C        D        E       F      G
               +--------+--------+--------+--------+--------+-----+--------+
         Total |   5839 |   5493 |    346 |   1780 |   2718 |   5 | 1167.8 |
       Dungeon |   5839 |   5493 |    346 |   1780 |   2718 |   5 | 1167.8 |
               +--------+--------+--------+--------+--------+-----+--------+

Top non-repeatable levels by time:
     D:4: 1821 daAuts
     D:3: 1518 daAuts
     D:2: 1128 daAuts
     D:1: 933 daAuts
     D:5: 437 daAuts
